AoeStats
← Faku GT

Arena

507857720Analyzed
1v1 RM · 12d ago on Sep 20, 2026· 24m 24s· 2 players
Game mode
Random Map
Map size
Tiny (2 player)
Population
200
Speed
Normal
Resources
Standard
Victory
Conquest
Starting age
Dark Age
Ending age
Imperial Age
RankedLock teamsTeams togetherTeam positionsShared explorationLock speedFull tech treeHidden civsTurbo modeCheats
Victory
Defeat
🇺🇸 Britons · United States
963
+16
🇦🇷 Portuguese · Argentina
954
-16
Faku GT
9:29 Feudal Age
10:00 Double-Bit Axe
9:57 Horse Collar
14:48 Horse Collar
18:09 Castle Age
16:40 Stone Mining
17:36 Gold Mining
19:00 Bow Saw
19:27 Stone Shaft Mining
18:54 Heavy Plow
22:25 Wheelbarrow
hayd3n18
10:12 Feudal Age
8:36 Loom
12:41 Man-at-Arms
13:37 Horse Collar
13:48 Double-Bit Axe
15:22 Gold Mining
19:58 Castle Age
19:31 Forging
21:17 Squires
20:38 Long Swordsman
21:38 Padded Archer Armor
23:17 Husbandry
23:07 Gambesons
Connection lost

Rejoining the realm…

Still unreachable

The connection could not be restored.

Session expired

The server has moved on; the page needs a fresh start.